 Dungeon Crawl Stone Soup version 0.28.0-53-g5a82cb258f (webtiles) character file.

Game seed: 17763509538730356243

475 issech the Skirmisher (level 6, -8/53 HPs)
             Began as a Minotaur Monk on June 10, 2022.
             Killed by nerve-wracking pain
             ... invoked by Grinder
              (12 damage)
             ... on level 5 of the Dungeon.
             The game lasted 00:11:07 (5053 turns).

issech the Skirmisher (Minotaur Monk)               Turns: 5053, Time: 00:11:08

Health: -8/53      AC:  8    Str: 15    XL:     6   Next: 84%
Magic:  5/5        EV: 11    Int:  7    God:
Gold:   101        SH:  0    Dex: 15    Spells: 5/5 levels left

rFire   . . .      SeeInvis .   z - +0 short sword (venom)
rCold   . . .      Faith    .   (no shield)
rNeg    . . .      Spirit   .   w - +0 scale mail
rPois   .          Reflect  .   (helmet restricted)
rElec   .          Harm     .   (no cloak)
rCorr   .          Rampage  .   (no gloves)
Will    .....                   n - +0 pair of boots
Stlth   +.........              (no amulet)
HPRegen 0.17/turn               (no ring)
MPRegen 0.09/turn               (no ring)

@: no status effects
A: horns 2, retaliatory headbutt
a: no special abilities


You were on level 5 of the Dungeon.
You visited 1 branch of the dungeon, and saw 5 of its levels.

You collected 101 gold pieces.

Inventory:

Hand Weapons
 a - a +0 hand axe
 k - a +0 long sword
 t - a +0 hunting sling
 z - a +0 short sword of venom (weapon)
Missiles
 b - 4 poisoned darts
 f - 50 arrows
 h - 159 stones
 m - 26 sling bullets
 p - 6 boomerangs (quivered)
 s - 3 boomerangs of dispersal
 y - 28 bolts
Armour
 g - a +0 ring mail
 n - a +0 pair of boots (worn)
 w - a +0 scale mail (worn)
Scrolls
 c - 2 scrolls of identify
 d - 2 scrolls of enchant weapon
 i - a scroll of noise
 j - 6 scrolls of teleportation
 u - 3 scrolls of torment {unknown}
 x - a scroll of fear {unknown}
 A - a scroll of silence {unknown}
Potions
 e - 2 potions of haste {unknown}
 l - 2 potions of lignification {unknown}
 o - a potion of cancellation {unknown}
 q - a potion of heal wounds {unknown}
 r - 2 potions of mutation {unknown}
 v - 2 potions of attraction {unknown}
 B - a potion of brilliance {unknown}


   Skills:
 + Level 4.7 Fighting
 + Level 0.8(2.4) Short Blades
 + Level 4.0(4.1) Long Blades
 + Level 4.4 Axes
 + Level 0.2 Slings
 + Level 4.2 Armour
 + Level 4.4 Dodging
 + Level 2.4 Stealth


You had 5 spell levels left.
You didn't know any spells.
Your spell library contained the following spells:

 Spells                   Type           Power      Damage    Failure   Level
 Slow                     Hex            0%         N/A       86%         1
 Confusing Touch          Hex            0%         N/A       99%         3
 Vampiric Draining        Necr           0%         2d6       99%         3


Dungeon Overview and Level Annotations

Branches:
Dungeon (5/15)
 Temple: D:4-7

Altars:
Okawaru
Sif Muna

Shops:
D:5 *

Annotations:
D:4 3 runed translucent doors, gandrick575's ghost, amateur HuNe
D:5 Grinder


Innate Abilities, Weirdness & Mutations

You have a pair of horns on your head.
You reflexively headbutt those who attack you in melee.


Message History

You can move again.
Grinder gestures at you.
You shrug off the repeated paralysis!
Grinder gestures at you.
You suddenly lose the ability to move!
Grinder gestures at you. Pain shoots through your body!
Grinder blinks!
Grinder hits you but does no damage.
You can move again.
You hit Grinder but do no damage. Your headbutt misses Grinder.
Grinder gestures at you.
You barely resist. You hit Grinder but do no damage.
You headbutt Grinder, but do no damage. Grinder gestures at you.
Pain shoots through your body!
You hit Grinder.
Grinder is lightly wounded.
The orc barely misses you. You furiously retaliate!
You headbutt the orc. Grinder gestures at you. Pain shoots through your body!
* * * LOW HITPOINT WARNING * * *
You barely miss Grinder.
Grinder is lightly wounded.
The orc hits you but does no damage. Grinder closely misses you.
You furiously retaliate!
You headbutt Grinder. The orc hits you but does no damage.
You barely miss Grinder. You headbutt Grinder.
Grinder is lightly wounded.
The orc hits you but does no damage.
Grinder says, "Wait up."
Grinder hits you but does no damage. The orc hits you with a +0 hand axe.
* * * LOW HITPOINT WARNING * * *
You completely miss Grinder. You headbutt Grinder.
Grinder is moderately wounded.
The orc hits you with a +0 short sword.
* * * LOW HITPOINT WARNING * * *
Grinder gestures at you. Pain shoots through your body!
You die...

#.# ###.#
##########...#
#............#
#.########...#
#.# #...#
####.##### #...#
. ..? #...5....#
#...# #. ...
#...@....# #...#
#.# ...
#..ooo...# #...#
#..##.#
#........# #...#
#.....#
####.#####
#.....# #.#
#.∩...#########.#
#o.o.oo5....#
#.###########
...#


You could see Grinder and 3 orcs.

Vanquished Creatures
  Eustachio (D:5)
  A water moccasin skeleton (D:5)
  A hound (D:4)
  An orc priest (D:3)
  An orc wizard (D:3)
  3 gnolls (D:5)
  7 adders
  2 worms (D:2)
  4 dart slugs
  6 orcs
  11 endoplasms
  6 hobgoblins
  5 jackals
  7 kobolds
  A quokka (D:1)
  10 ball pythons
  6 bats
  4 frilled lizards
  6 goblins
  15 rats
98 creatures vanquished.

Vanquished Creatures (others)
  A bat (D:3)
  3 fungi (D:4)
  A plant (D:4)
5 creatures vanquished.

Grand Total: 103 creatures vanquished

Notes
Turn   | Place    | Note
-------+----------+-------------------------------------------
     0 | D:1      | issech the Minotaur Monk began the quest for the Orb.
     0 | D:1      | Reached XP level 1. HP: 19/19 MP: 0/0
   304 | D:1      | Reached XP level 2. HP: 23/27 MP: 1/1
   897 | D:1      | Found a faded altar of an unknown god.
   904 | D:1      | Reached XP level 3. HP: 30/33 MP: 2/2
  1166 | D:2      | Reached skill level 1 in Armour
  2110 | D:3      | Reached skill level 1 in Long Blades
  2110 | D:3      | Reached XP level 4. HP: 40/40 MP: 3/3
  2219 | D:3      | Found a shimmering blue altar of Sif Muna.
  2428 | D:3      | Found an iron altar of Okawaru.
  2543 | D:3      | Reached XP level 5. HP: 21/46 MP: 4/4
  3311 | D:4      | Found a runed translucent gate.
  3311 | D:4      | Found a runed translucent gate.
  3311 | D:4      | Found a runed translucent gate.
  3311 | D:4      | Noticed gandrick575's ghost (amateur HuNe)
  4126 | D:5      | Entered Level 5 of the Dungeon
  4153 | D:5      | Noticed Eustachio
  4657 | D:5      | Killed Eustachio
  4658 | D:5      | Reached XP level 6. HP: 36/53 MP: 5/5
  5015 | D:5      | Noticed Grinder
  5020 | D:5      | Found Uziann's General Store.
  5025 | D:5      | Paralysed by Grinder for 3 turns
  5035 | D:5      | Paralysed by Grinder for 2 turns
  5042 | D:5      | Paralysed by Grinder for 6 turns
  5053 | D:5      | Killed from afar by Grinder

Illustrated notes

Levels and vault maps discovered:
D:1:      dpeg_arrival_ratfight, layout_basic,
          hellmonk_ecumenical_altar_inner_sanctum
D:2:      minmay_inner_zag, layout_loops_ring
D:3:      layout_loops_ring, mainiacjoe_overflow_chevrons,
          lemuel_blue_sif_altar, chequers_decorated_corner
D:4:      layout_loops_ring, gammafunk_ghost_nasty_kobolds,
          minmay_misc_feat_enclosed, feat_on_display
D:5:      layout_basic, serial_shops, shop, minivault_23, uniq_eustachio,
          uniq_grinder, uniq_edmund

Skill      XL: |  1  2  3  4  5  6 |
---------------+-------------------+-----
Axes           | 4 |  4.4
Armour         | 1 3 4 |  4.2
Fighting       | 4 |  4.7
Long Blades    | 1 2 4 |  4.0
Stealth        | 2 |  2.4
Dodging        | 4 |  4.4
Short Blades   | |  0.8
Slings         | |  0.2

Action                   |  1- 3 |  4- 6 || total
-------------------------+-------+-------++-------
Melee: Hand axe          |    63 |       ||    63
       Headbutt          |    17 |    26 ||    43
       Long sword        |    47 |    76 ||   123
       Punch             |     1 |     1 ||     2
       Short sword       |       |    76 ||    76
 Fire: Hunting sling     |       |     1 ||     1
  Use: Scroll            |       |     3 ||     3
 Stab: Sleeping          |     4 |     1 ||     5
Armor: Robe              |     6 |       ||     6
       Ring mail         |    29 |    30 ||    59
       Scale mail        |       |    47 ||    47
Dodge: Dodged            |    81 |   114 ||   195
